 Dungeon Crawl Stone Soup version 0.14-a0-519-g334afa2 (webtiles) character file.

150 PolkaDot the Sneak (level 4, -3/28 HPs)
             Began as a Vampire Wizard on Nov 2, 2013.
             Slain by a gnoll
             ... wielding a +0,+0 spear
              (6 damage)
             ... on Level 2 of the Dungeon.
             The game lasted 00:05:55 (1665 turns).

PolkaDot the Sneak (Vampire Wizard)                 Turns: 1665, Time: 00:05:55

HP  -3/28        AC  2     Str  5 (6)  XL: 4   Next:  7%
MP   3/12        EV 12     Int 19      God:
Gold 78          SH  0     Dex 12      Spells:  1 memorised,  8 levels left

Res.Fire  : . . .   See Invis. : +   l - +1 elf dagger
Res.Cold  : . . .   Warding    : .   a - +0 robe
Life Prot.: . . .   Conserve   : .   (no shield)
Res.Poison: .       Res.Corr.  : .   b - +0 wizard hat
Res.Elec. : .       Clarity    : .   (no cloak)
Sust.Abil.: . .     Spirit.Shd : .   (no gloves)
Res.Mut.  : .       Stasis     : .   (no boots)
Res.Rott. : .       Flight     : .   (no amulet)
Saprovore : . . .                    (no ring)
                                     (no ring)

@: regenerating quickly, slightly resistant to hostile enchantments, stealthy
A: fangs 3, see invisible, berserk 1, unbreathing, Int -2
a: no special abilities


You were on level 2 of the Dungeon.
You were full.

You visited 1 branch of the dungeon, and saw 2 of its levels.

You collected 78 gold pieces.

Inventory:

Hand weapons
 l - a +1,+1 elven dagger (weapon)
Armour
 a - a +0 robe (worn)
 b - a +0 wizard hat (worn)
Magical devices
 k - a wand of random effects (20) {unknown}
Scrolls
 e - 2 scrolls of identify {unknown}
 f - a scroll of amnesia {unknown}
 g - 2 scrolls of enchant weapon II {unknown}
 h - a scroll of remove curse {unknown}
 i - a scroll of curse weapon {unknown}
Books
 c - a book of Minor Magic

   Spells                             Type                      Level
   *Magic Dart                        Conjuration                  1
   Blink                              Translocation                2
   Call Imp                           Summoning                    2
   Repel Missiles                     Charms/Air                   2
   Slow                               Hexes                        2
   Conjure Flame                      Conjuration/Fire             3
   Mephitic Cloud                     Conjuration/Poison/Air       3


   Skills:
 - Level 2.1 Dodging
 - Level 3.0 Stealth
 - Level 3.0 Spellcasting
 * Level 2.9 Conjurations
   Level 1.0 Summonings
   Level 0.7 Translocations


You had 8 spell levels left.
You knew the following spells:

 Your Spells              Type           Power        Failure   Level  Hunger
a - Magic Dart            Conj           ##..         6%          1    None


Dungeon Overview and Level Annotations

Branches:
Dungeon (2/27)

Altars:


Innate Abilities, Weirdness & Mutations

Your natural rate of healing is unusually fast.
You have razor-sharp teeth.*
You have supernaturally acute eyesight.
You can survive without breathing.*
You tend to lose your temper in combat.+ You are dopey. (Int -2)


Message History

You feel extremely strange.
You feel a little pissed off.
You feel stupid.
Your body decomposes!
You feel weakened.
It was a potion of mutation.
Drink which item? (? for menu, Esc to quit)
Yummy - fresh blood!
Your magical contamination has completely faded away.
The gnoll unwields an uncursed whip.
The gnoll drops an uncursed whip.
The gnoll picks up a spear.
The gnoll wields a spear.
You see here a bread ration.
You see here a hobgoblin skeleton.
You aren't carrying any potions.
The gnoll hits you with a spear!
You hit the gnoll but do no damage. The gnoll barely misses you.
You hit the gnoll.
The gnoll is moderately wounded.
The gnoll hits you with a spear!
* * * LOW HITPOINT WARNING * * *
The gnoll hits you from afar with a spear.
You die...

. #.
################### #.
#...@.gK..........# #.
#.###############%###
#. #.# #...Kg.%....# #.
#.# #)#######.#.# #.
#.# #.# #.)..#
...####.#####.# #.#
#....#
#.......(.....#######.#
#....#
#...............Kgg.g.#
####.#
................######
#.#


You could see a gnoll and a kobold.

Vanquished Creatures
  2 gnolls (D:2)
  An adder (D:2)
  A giant mite (D:1)
  2 giant geckos
  2 oozes
  4 giant cockroaches (D:1)
  5 hobgoblins
  3 ball pythons
  7 bats
  3 giant newts
  2 goblins (D:2)
  4 kobolds
  2 rats
38 creatures vanquished.

Notes
Turn   | Place    | Note
--------------------------------------------------------------
     0 | D:1      | PolkaDot, the Vampire Wizard, began the quest for the Orb.
     0 | D:1      | Reached XP level 1. HP: 11/11 MP: 6/6
    99 | D:1      | Reached skill level 1 in Conjurations
   240 | D:1      | Reached XP level 2. HP: 17/17 MP: 2/8
  1016 | D:1      | Reached XP level 3. HP: 22/22 MP: 5/10
  1638 | D:2      | Reached XP level 4. HP: 14/28 MP: 0/12
  1639 | D:2      | Gained mutation: You tend to lose your temper in combat. [potion of mutation]
  1639 | D:2      | Gained mutation: You are dopey. (Int -2) [potion of mutation]
  1665 | D:2      | Slain by a gnoll

Action                   |  1- 3 |  4- 6 || total
-------------------------+-------+-------++-------
Melee: Unarmed           |    12 |       ||    12
       Dagger            |     6 |     2 ||     8
 Cast: Magic Dart        |   112 |     1 ||   113
  Use: Potion            |       |     2 ||     2
